Map: Radhuset Station LE

Players

SubN

  • Race: Zerg Zerg
  • League: Diamond
  • Spawn Location: 1:00

hit - Winner!

  • Race: Protoss Protoss
  • League: Diamond
  • Spawn Location: 7:00

VOD

Have the link to the VOD?

Description

Time

  • Played on: Dec. 30, 2023, 7 p.m.
  • Length: 15:06
Show
View Real Time Build Order
Export as new Build Order

SubN Zerg 

Build Orders: 3 Hatch before Pool 

Get SALT Encoding   

  12  0:00  Drone  
  13  0:12  Overlord  
  13  0:17  Drone  
  14  0:30  Drone x2  
  16  0:50  Hatchery  
  15  1:01  Drone  
  16  1:29  Drone x2  
  16  1:30  Drone  
  16  1:31  Hatchery  
  18  1:34  Extractor  
  17  1:49  Spawning Pool  
  16  1:55  Drone  
  16  1:57  Drone  
  18  2:07  Drone x2  
  20  2:12  Drone x2  
  22  2:23  Drone x2  
  24  2:35  Overlord  
  24  2:37  Overlord  
  24  2:42  Queen  
  26  2:48  Queen  
  28  2:53  Metabolic Boost  
  28  2:58  Drone x2  
  30  3:03  Drone x2  
  32  3:08  Drone x2  
  34  3:17  Drone x5  
  39  3:27  Queen  
  39  3:33  Overlord  
  41  3:37  Overlord  
  41  3:40  Overlord  
  41  3:44  Drone  
  41  3:48  Extractor  
  41  3:50  Extractor, Queen  
  41  3:52  Drone x3  
  41  3:55  Drone x3  
  48  3:57  Drone x2  
  48  3:59  Drone  
  48  4:02  Extractor  
  50  4:04  Drone  
  50  4:05  Drone x2  
  53  4:10  Drone  
  54  4:17  Drone x2  
  54  4:19  Queen  
  54  4:22  Drone  
  59  4:25  Drone x4  
  59  4:28  Drone  
  64  4:34  Drone  
  64  4:35  Drone  
  66  4:39  Overlord x3  
  66  4:59  Drone  
  67  5:00  Drone  
  67  5:01  Drone x2  
  70  5:08  Drone  
  70  5:09  Spore Crawler  
  70  5:10  Drone  
  70  5:12  Drone  
  70  5:13  Spore Crawler  
  71  5:15  Queen  
  71  5:17  Drone  
  71  5:19  Overlord  
  71  5:20  Overlord, Spore Crawler  
  73  5:22  Drone x2  
  75  5:28  Evolution Chamber  
  75  5:31  Evolution Chamber  
  75  5:34  Roach Warren  
  72  5:36  Drone  
  72  5:37  Drone  
  72  5:41  Baneling Nest  
  73  5:45  Zergling x10  
  73  5:46  Zergling x4  
  78  5:59  Lair  
  78  6:03  Spore Crawler  
  77  6:05  Queen, Spore Crawler  
  77  6:10  Zergling x8  
  81  6:17  Drone  
  81  6:18  Drone  
  82  6:26  Hatchery  
  77  6:55  Hatchery  
  77  6:59  Overseer  
  77  7:01  Overseer  
  76  7:02  Overseer  
  76  7:13  Zerg Missile Weapons Level 1  
  76  7:16  Zerg Melee Weapons Level 1  
  76  7:21  Baneling Nest  
  76  7:22  Pneumatized Carapace  
  75  7:24  Overlord x3  
  75  7:27  Glial Reconstitution  
  75  7:29  Roach  
  85  7:30  Roach x7  
  85  7:36  Drone  
  92  7:37  Overlord  
  92  7:38  Overlord x2  
  92  7:40  Queen  
  94  7:44  Roach  
  94  7:45  Roach x4  
  94  7:47  Overseer x3  
  104  7:51  Ravager  
  104  7:52  Ravager x5  
  104  7:55  Ravager x2  
  104  7:56  Overlord  
  104  7:57  Overlord  
  112  8:04  Drone x5  
  117  8:07  Extractor  
  117  8:08  Extractor  
  117  8:12  Baneling  
  115  8:13  Baneling x13  
  115  8:14  Centrifugal Hooks  
  115  8:15  Zergling x8  
  119  8:21  Drone x2  
  121  8:32  Ravager x2  
  123  8:34  Ravager  
  123  8:37  Roach  
  123  8:39  Zergling x4  
  123  8:40  Zergling x10  
  112  9:20  Queen  
  111  9:25  Spire  
  111  9:27  Drone  
  111  9:28  Drone x4  
  115  9:32  Zerg Melee Weapons Level 2, Zerg Missile Weapons Level 2  
  115  9:36  Drone  
  115  9:37  Drone x10, Infestation Pit  
  125  9:41  Extractor  
  125  9:42  Extractor  
  123  10:05  Drone x3  
  123  10:06  Drone x3  
  129  10:07  Drone x3  
  129  10:08  Drone  
  129  10:11  Drone x2, Spore Crawler  
  129  10:12  Drone x2  
  129  10:13  Spore Crawler  
  135  10:14  Spore Crawler  
  135  10:20  Evolution Chamber  
  135  10:21  Evolution Chamber  
  132  10:23  Hatchery  
  132  10:24  Baneling, Evolution Chamber  
  132  10:25  Baneling x13  
  130  10:28  Hive  
  130  10:38  Corruptor  
  130  10:39  Corruptor x3  
  138  10:42  Spore Crawler  
  137  10:59  Roach x3  
  137  11:01  Overlord x4  
  137  11:02  Overlord x6  
  143  11:05  Overseer x3  
  143  11:20  Corruptor, Zerg Flyer Weapons Level 1  
  143  11:21  Corruptor x4  
  153  11:30  Overseer x2  
  153  11:31  Overseer x2  
  153  11:34  Corruptor  
  155  11:41  Adrenal Glands  
  155  11:48  Zerg Ground Armor Level 1  
  155  11:52  Extractor  
  155  11:53  Drone x3  
  155  11:54  Drone x3, Extractor  
  156  11:55  Queen  
  156  11:56  Drone x3  
  156  12:00  Ravager  
  156  12:01  Ravager x3  
  167  12:02  Zergling x6  
  167  12:03  Zergling x12  
  167  12:04  Viper  
  180  12:11  Zergling x18  
  180  12:12  Zergling x2  
  190  12:18  Zerg Melee Weapons Level 3  
  175  12:28  Zergling x2  
  175  12:29  Zergling x34  
  193  12:31  Baneling  
  193  12:32  Baneling x16  
  193  12:33  Baneling  
  126  13:00  Zergling x20  
  126  13:01  Zergling x16  
  133  13:14  Zergling x2  
  133  13:15  Zergling x16  
  121  13:21  Zergling x2  
  104  13:27  Zergling x10  
  104  13:28  Zergling x2  
  103  13:40  Zergling x18  
  103  13:41  Zergling x4  
  105  14:02  Baneling  
  104  14:03  Baneling x15  
  104  14:05  Zergling x12  
  106  14:19  Zergling x14  
  106  14:20  Zergling x6  
  105  14:24  Queen  
  105  14:27  Hatchery  
  106  14:33  Zergling x8  
  106  14:35  Overlord  
  110  14:39  Hatchery  
Show
View Real Time Build Order
Export as new Build Order

hit Protoss - Winner!

Build Orders: 1 Gate Expand, Double Forge, Zealot Archon, Dark Templar Rush 

Get SALT Encoding   

  12  0:01  Probe  
  13  0:14  Pylon  
  13  0:18  Probe  
  14  0:30  Probe  
  15  0:43  Gateway  
  15  0:47  Probe  
  16  0:53  Assimilator  
  16  0:59  Probe  
  17  1:11  Probe  
  18  1:23  Probe  
  19  1:35  Probe  
  19  1:38  Nexus  
  20  1:43  Cybernetics Core  
  20  1:47  Probe  
  21  1:59  Probe  
  21  2:00  Pylon  
  22  2:10  Assimilator  
  22  2:12  Pylon  
  22  2:15  Probe (Chrono Boost)  
  23  2:23  Stalker  
  23  2:24  Warp Gate  
  23  2:29  Probe (Chrono Boost)  
  26  2:40  Probe  
  27  2:52  Probe  
  28  3:06  Twilight Council  
  28  3:10  Robotics Facility  
  28  3:12  Probe x2  
  30  3:14  Pylon  
  30  3:24  Probe x2  
  32  3:36  Probe x2  
  34  3:48  Probe  
  34  3:49  Probe  
  34  3:50  Dark Shrine  
  34  3:55  Gateway x2  
  36  3:58  Assimilator  
  36  4:00  Probe  
  36  4:01  Probe  
  38  4:08  Observer  
  39  4:12  Gateway  
  39  4:13  Probe  
  39  4:16  Pylon  
  40  4:18  Probe  
  41  4:24  Assimilator  
  41  4:25  Probe  
  41  4:28  Warp Prism  
  44  4:36  Forge  
  44  4:39  Forge  
  44  4:41  Probe  
  45  4:46  Charge  
  45  4:50  Probe  
  46  4:57  Stalker x2  
  50  5:20  Nexus  
  50  5:23  Assimilator  
  50  5:37  Dark Templar x4  
  58  5:58  Probe  
  58  5:59  Probe  
  58  6:02  Protoss Ground Weapons Level 1, Protoss Ground Armor Level 1  
  60  6:09  Pylon  
  60  6:11  Probe x2, Assimilator  
  62  6:23  Probe x2  
  64  6:27  Observer  
  64  6:39  Probe x3  
  67  6:49  Zealot x3  
  67  6:50  Zealot  
  67  6:51  Probe  
  72  7:02  Probe x2  
  72  7:03  Probe  
  72  7:06  Immortal  
  77  7:10  Robotics Bay  
  77  7:12  Pylon  
  77  7:15  Robotics Facility  
  77  7:20  Archon x2  
  77  7:24  Gateway  
  77  7:26  Gateway  
  77  7:27  Gateway  
  77  7:35  Robotics Facility  
  77  7:39  Pylon  
  77  7:43  Probe x3  
  80  7:54  Stalker x2  
  80  7:55  Probe x3, Stalker x2  
  68  7:58  Extended Thermal Lance (Chrono Boost)  
  91  7:59  Colossus  
  98  8:07  Probe x2  
  98  8:08  Probe  
  98  8:09  Observer  
  101  8:14  Protoss Ground Armor Level 2  
  101  8:15  Protoss Ground Weapons Level 2  
  101  8:19  Probe  
  103  8:20  Probe  
  103  8:24  Colossus  
  103  8:26  Pylon  
  109  8:27  Pylon  
  109  8:29  Pylon x2  
  109  8:32  Pylon  
  109  8:43  Colossus  
  109  8:46  Pylon  
  110  8:56  Stalker x2  
  110  8:57  Stalker x5  
  112  9:23  Assimilator  
  106  9:25  Pylon  
  106  9:29  Colossus x2  
  118  9:33  Cybernetics Core, Probe  
  119  9:40  Zealot  
  119  9:41  Zealot x2  
  119  9:42  Zealot x3  
  131  9:48  Nexus  
  131  9:50  Pylon  
  131  9:52  Pylon  
  131  9:56  Assimilator  
  131  9:57  Assimilator  
  131  9:59  Immortal  
  135  10:10  Gateway  
  135  10:11  Probe x3  
  138  10:23  Immortal  
  138  10:24  Immortal, Probe x2  
  138  10:26  Stalker  
  150  10:41  Blink  
  150  10:50  Protoss Ground Armor Level 3 (Chrono Boost)  
  150  10:51  Protoss Ground Weapons Level 3 (Chrono Boost)  
  150  10:52  Immortal  
  154  11:02  Photon Cannon  
  154  11:03  Immortal  
  158  11:04  Probe  
  158  11:05  Probe x2  
  158  11:07  Stalker x3  
  158  11:10  Probe  
  168  11:16  Immortal  
  168  11:17  Probe  
  173  11:20  Probe x2  
  173  11:22  Probe  
  176  11:26  Gravitic Boosters  
  177  11:34  Observer  
  177  11:38  Probe  
  177  11:39  Probe  
  179  11:44  Templar Archives  
  179  11:45  Observer  
  168  12:29  Stalker x3  
  173  12:30  Stalker x3  
  173  12:34  Psionic Storm  
  155  12:54  Zealot  
  155  12:55  Zealot x5  
  155  12:56  Zealot  
  143  13:01  Immortal x3  
  147  13:32  Observer  
  145  13:39  Colossus  
  145  13:40  Colossus x2  
  169  15:01  Nexus  
  169  15:02  Zealot x2  
  169  15:03  Zealot x3  
  169  15:04  Pylon, Zealot x2  
  169  15:05  Pylon  
Tags
 
Add a new tag
Caveats
  • Supply blocks, unpowered buildings, or Contaminate may cause inaccurate times.
  • Supply counts are checked every 10 seconds.